 Dungeon Crawl Stone Soup version 0.24.0-125-gc4c63601f3 (webtiles) character file.

Game seed: 11584633039752425360, levelgen mode: deterministic

140 Amplified the Skirmisher (level 5, -1/46 HPs)
             Began as a Minotaur Enchanter on Mar 6, 2020.
             Slain by an orc
             ... wielding a +0 trident
              (3 damage)
             ... on level 4 of the Dungeon.
             The game lasted 00:03:04 (2234 turns).

Amplified the Skirmisher (Minotaur Enchanter)       Turns: 2234, Time: 00:03:05

Health: -1/46      AC:  5    Str: 16    XL:     5   Next: 2%
Magic:  0/6        EV: 13    Int: 12    God:
Gold:   83         SH:  0    Dex: 10    Spells: 4/6 levels left

rFire    . . .     SeeInvis .   i - +0 hand axe
rCold    . . .     Gourm    .   (no shield)
rNeg     . . .     Faith    .   b - +0 robe
rPois    .         Spirit   .   (helmet restricted)
rElec    .         Reflect  .   (no cloak)
rCorr    .         Harm     .   (no gloves)
MR       .....                  (no boots)
Stlth    ++........             (no amulet)
HPRegen  0.15/turn              (no ring)
MPRegen  0.10/turn              (no ring)

@: very slightly contaminated
A: retaliatory headbutt, horns 2, icy blue scales 1, rugged brown scales 1,
strong 1
a: no special abilities


You were on level 4 of the Dungeon.
You were very hungry.

You visited 1 branch of the dungeon, and saw 4 of its levels.

You collected 83 gold pieces.

Inventory:

Hand Weapons
 a - a +1 dagger
 i - a +0 hand axe (weapon)
Armour
 b - a +0 robe (worn)
Scrolls
 h - a scroll of amnesia
Potions
 j - 2 potions of brilliance
Comestibles
 d - 3 rations


   Skills:
 * Level 3.5 Fighting
 - Level 1.1 Short Blades
 * Level 2.5 Axes
 + Level 2.1 Armour
 + Level 3.1 Dodging
 - Level 2.4 Stealth
 - Level 1.3 Spellcasting
 - Level 2.0 Hexes


You had 4 spell levels left.
You knew the following spells:

 Your Spells              Type           Power        Failure   Level  Hunger
a - Ensorcelled Hibernat  Hex/Ice        #.....       28%         2    ###....

Your spell library contained the following spells:

 Spells                   Type           Power        Failure   Level  Hunger
 Corona                   Hex            #......      13%         1    ##.....
 Confuse                  Hex            #.......     36%         3    ####...
 Tukima's Dance           Hex            #.......     36%         3    ####...
 Dazzling Spray           Conj/Hex       #.....       50%         3    ####...


Dungeon Overview and Level Annotations

Branches:
Dungeon (4/15)
 Temple: D:4-7

Altars:
Hepliaklqana
Xom


Innate Abilities, Weirdness & Mutations

You reflexively headbutt those who attack you in melee.
You have a pair of horns on your head.
You are partially covered in icy blue scales. (AC +2)
You are partially covered in rugged brown scales. (AC +1, +3% HP)
Your muscles are strong. (Str +2)


Message History

You hear an indistinct dissonance whispering inside your mind.
The orc barely misses you.
Unknown command.
You hit the orc but do no damage.
The orc is lightly wounded.
The orc misses you.
Unknown command.
Casting: Ensorcelled Hibernation (safe; 28% risk of failure)
Confirm with . or Enter, or press ? or * to list all spells.
Aiming: Ensorcelled Hibernation (safe; 28% risk of failure)
Press: ? - help, Shift-Dir - straight line, f/p - orc
Aim: an orc, wielding a +0 trident (lightly wounded, chance to defeat MR: 52%)
The orc looks drowsy...
The helpless orc fails to defend itself.
You hit the orc.
The orc is severely wounded.
The orc hits you with a +0 trident.
* * * LOW HITPOINT WARNING * * *
The orc hits you with a +0 trident.
You die...

#########
########.......#
#..)...........# ###
#..@o..........# #..
#...)..........###..
#......(.......#....
#..............#....
+....>.........+....
#.........######....
#.........#.........
#####..####.........
#..# #.........


You could see an orc.

Vanquished Creatures
  A scorpion (D:4)
  Jessica (D:2)
  2 adders (D:2)
  An ooze (D:1)
  A worm (D:3)
  A leopard gecko (D:1)
  3 orcs
  7 bats
  4 goblins
  3 hobgoblins
  2 jackals (D:3)
  A quokka (D:2)
  A ball python (D:1)
  2 frilled lizards
  4 kobolds
  3 rats
37 creatures vanquished.

Notes
Turn   | Place    | Note
-------+----------+-------------------------------------------
     0 | D:1      | Amplified the Minotaur Enchanter began the quest for the
                  | Orb.
     0 | D:1      | Reached XP level 1. HP: 14/14 MP: 1/1
   188 | D:1      | Reached skill level 1 in Fighting
   453 | D:1      | Reached XP level 2. HP: 23/23 MP: 3/3
   462 | D:1      | Reached skill level 1 in Armour
   720 | D:2      | Learned a level 2 spell: Ensorcelled Hibernation
   771 | D:2      | Noticed Jessica
   776 | D:2      | Killed Jessica
   776 | D:2      | Reached skill level 1 in Axes
   776 | D:2      | Reached XP level 3. HP: 30/30 MP: 4/4
  1009 | D:2      | Reached XP level 4. HP: 37/37 MP: 5/5
  1159 | D:3      | Found a shimmering altar of Xom.
  1160 | D:3      | Found a hazy altar of Hepliaklqana.
  1160 | D:3      | Noticed a yak
  1161 | D:3      | Noticed a yak
  1161 | D:3      | Noticed a spectral ugly thing
  2072 | D:4      | Gained mutation: You are partially covered in rugged brown
                  | scales. (AC +1, +3% HP) [potion of mutation]
  2072 | D:4      | Gained mutation: Your muscles are strong. (Str +2) [potion
                  | of mutation]
  2072 | D:4      | Gained mutation: You are partially covered in icy blue
                  | scales. (AC +2) [potion of mutation]
  2227 | D:4      | Reached XP level 5. HP: 7/46 MP: 3/6
  2230 | D:4      | HP: 2/46 [orc/+0 trident (1)]
  2234 | D:4      | Slain by an orc

Levels and vault maps discovered:
D:1:      ncdulo_smallfort, layout_loops_ring
D:2:      layout_rooms, minmay_heptomino_h4, uniq_jessica
D:3:      layout_loops_corners, regret_index_temple_of_mockery, first_ration,
          minmay_stone_trees_small, chequers_serial_rivers_micro_d
D:4:      layout_basic, lemuel_coloured_pillars_altar,
          nicolae_ashenzari_panopticon, minitemple,
          lightli_ossuary_entry_decrepit_ruins, uniq_natasha, uniq_eustachio,
          uniq_robin

Skill      XL: |  1  2  3  4 |
---------------+-------------+-----
Fighting       | 1 2 3 |  3.5
Armour         | 1 2 |  2.1
Axes           | 1 2 |  2.5
Dodging        | 3 |  3.1
Short Blades   | |  1.1
Stealth        | |  2.4
Spellcasting   | |  1.3
Hexes          | |  2.0

Action                   |  1- 3 |  4- 6 || total
-------------------------+-------+-------++-------
Melee: Dagger            |    29 |       ||    29
       Hand axe          |    20 |    62 ||    82
       Headbutt          |     3 |     8 ||    11
 Cast: Corona            |     3 |       ||     3
       Ensorcelled Hiber |       |     2 ||     2
  Use: Potion            |     2 |     6 ||     8
       Scroll            |     2 |     4 ||     6
 Stab: Sleeping          |     6 |     4 ||    10
  Eat: Chunk             |       |     3 ||     3
Armor: Robe              |    10 |     9 ||    19
Dodge: Dodged            |    46 |    47 ||    93
